 Dungeon Crawl Stone Soup version 0.23-a0-644-gb60d84b (webtiles) character file.

32 Borgoz the Sneak (level 3, -5/22 HPs)
             Began as a Kobold Assassin on Jan 2, 2019.
             Slain by an ogre
             ... wielding a +0 giant club
              (27 damage)
             ... on level 2 of the Dungeon.
             The game lasted 00:02:30 (1383 turns).

Borgoz the Sneak (Kobold Assassin)                  Turns: 1383, Time: 00:02:30

Health: -5/22      AC:  3    Str:  9    XL:     3   Next: 42%
Magic:  3/3        EV: 15    Int: 12    God:
Gold:   62         SH:  0    Dex: 16    Spells: 2/2 levels left

rFire    . . .     SeeInvis .   a - +2 dagger
rCold    . . .     Gourm    .   (shield restricted)
rNeg     . . .     Faith    .   c - +0 robe
rPois    .         Spirit   .   (no helmet)
rElec    .         Reflect  .   d - +0 cloak
rCorr    .         Harm     .   (no gloves)
MR       .....                  (no boots)
Stlth    +++.......             (no amulet)
HPRegen  0.07/turn              (no ring)
MPRegen  0.08/turn              (no ring)

@: no status effects
A: small, carnivore
a: no special abilities


You were on level 2 of the Dungeon.
You were very full.

You visited 1 branch of the dungeon, and saw 2 of its levels.

You collected 62 gold pieces.

Inventory:

Hand Weapons
 a - a +2 dagger (weapon)
 b - a +0 blowgun
Missiles
 e - 8 poisoned needles
 f - 2 curare-tipped needles
Armour
 c - a +0 robe (worn)
 d - a +0 cloak (worn)
Scrolls
 h - a scroll of teleportation {unknown}
 j - 2 scrolls of identify {unknown}
 k - a scroll of amnesia {unknown}
 l - a scroll of fear {unknown}
Potions
 i - 2 potions of mutation {unknown}
 m - 2 potions of curing {unknown}
 n - a potion of degeneration {unknown}
 o - 2 potions of resistance {unknown}
Comestibles
 g - 5 rations


   Skills:
 + Level 2.6 Fighting
 + Level 3.3 Short Blades
 - Level 2.1 Throwing
 + Level 2.1 Dodging
 + Level 5.7 Stealth


You had 2 spell levels left.
You didn't know any spells.
Your spell library was empty.

Dungeon Overview and Level Annotations

Branches:
Dungeon (2/15)

Altars:


Innate Abilities, Weirdness & Mutations

You are small and have problems with some larger weapons.
You are carnivorous and can eat meat at any time.


Message History

A rat is nearby!
A rat is nearby!
You closely miss the rat. The rat barely misses you.
You hit the rat.
The rat is severely wounded.
The rat barely misses you.
You hit the rat.
You kill the rat!
No target in view!
You see here a rat corpse.
An ogre comes into view. It is wielding a +0 giant club.
The ogre shouts!
Found 8 gold pieces.
An ogre is nearby!
An ogre is nearby!
An ogre is nearby!
Found a fizzy brown potion.
The ogre hits you with a +0 giant club!!
Ouch! That really hurt!
You die...

#..#.
#......#
#...#..#
#...#..#
#!..#..#
#.#)#..#
#$###.#.#..#
#...O@.....#
#####.##...#
#...†..#
#####'#######
#.........#
#.........#
#.........#
#..†......#
###>#######


You could see an ogre.

Vanquished Creatures
  2 leopard geckos (D:1)
  A ball python (D:1)
  2 giant cockroaches (D:1)
  3 goblins (D:1)
  2 hobgoblins (D:1)
  4 jackals (D:1)
  2 bats (D:1)
  3 frilled lizards
  6 kobolds (D:1)
  4 rats
29 creatures vanquished.

Notes
Turn   | Place    | Note
-------+----------+-------------------------------------------
     0 | D:1      | Borgoz the Kobold Assassin began the quest for the Orb.
     0 | D:1      | Reached XP level 1. HP: 12/12 MP: 1/1
    33 | D:1      | Reached XP level 2. HP: 12/18 MP: 2/2
   318 | D:1      | Reached XP level 3. HP: 11/22 MP: 3/3
  1380 | D:2      | Noticed an ogre
  1383 | D:2      | Slain by an ogre

Vault maps used:
D:1:      wander_arrival_estate, chequers_serial_rivers_micro_d,
          minmay_crystal_water, minmay_tetromino_o4
D:2:      minmay_misc_feat_four_crosses, lemuel_statue_altar

Skill      XL: |  1  2 |
---------------+-------+-----
Short Blades   | 3 |  3.3
Dodging        | 2 |  2.1
Fighting       | |  2.6
Throwing       | |  2.1
Stealth        | |  5.7

Action                   || total
-------------------------++-------
Melee: Dagger            ||    94
 Stab: Sleeping          ||     4
  Eat: Chunk             ||     9
Armor: Robe              ||    23
Dodge: Dodged            ||    84

Table legend:
 A = Non-vault XP
 B = Vault XP
 C = Vault XP percentage of total XP
 D = Non-vault monster count
 E = Vault monster count
 F = Vault count percentage of total count
                 A         B        C        D         E       F
            +---------+---------+-------+---------+---------+-------
      Total |      42 |       4 |   8.7 |      26 |       3 |  10.3
            +---------+---------+-------+---------+---------+-------
        D:1 |      40 |       4 |   9.1 |      24 |       3 |  11.1
        D:2 |       2 |       0 |   0.0 |       2 |       0 |   0.0
            +---------+---------+-------+---------+---------+-------
